 Dungeon Crawl Stone Soup version 0.30.0-7-g0c4daa9e05 (webtiles) character file.

Game seed: 12068346026483653911

32 libidonplus the Shield-Bearer (level 3, 32/32 HPs)
             Began as an Armataur Fighter on May 13, 2023.
             Was a Follower of Sif Muna.
             Quit the game on level 2 of the Dungeon.
             The game lasted 00:02:16 (743 turns).

libidonplus the Shield-Bearer (Armataur Fighter)     Turns: 743, Time: 00:02:16

Health: 32/32      AC:  6    Str: 23    XL:     3   Next: 10%
Magic:  3/3        EV:  7    Int:  8    God:    Sif Muna [*.....]
Gold:   65         SH:  4    Dex:  9    Spells: 2/2 levels left

rFire   . . .        a - +0 long sword
rCold   . . .        c - +0 buckler
rNeg    . . .        b - +0 scale mail
rPois   .            (no helmet)
rElec   .            (no cloak)
rCorr   .            (no gloves)
SInv    .            (no barding)
Will    .....        (no amulet) Stlth
                     (no ring)
HPRegen 0.25/turn    (no ring)
MPRegen 0.08/turn

%: roll
@: no status effects
A: large, rugged brown scales 3, deformed body, armoured tail, roll, long
tongue, awkward tongue
a: Renounce Religion, Channel Magic


You were on level 2 of the Dungeon.
You worshipped Sif Muna.
Sif Muna was aware of your devotion.
You visited 1 branch of the dungeon, and saw 2 of its levels.

You collected 65 gold pieces.

Inventory:

Hand Weapons
 a - a +0 long sword (weapon)
Missiles
 j - 16 stones (quivered)
Armour
 b - a +0 scale mail (worn)
 c - a +0 buckler (worn)
Scrolls
 f - a scroll of magic mapping {unknown}
 g - a scroll of poison {unknown}
 h - a scroll of identify {unknown}
Potions
 d - 3 potions of might
 e - a potion of ambrosia {unknown}
 i - a potion of brilliance {unknown}
 k - a potion of attraction {unknown}


   Skills:
 - Level 2.6 Fighting
 * Level 2.9 Long Blades
 - Level 3.6 Armour
 + Level 3.8 Shields


You had 2 spell levels left.
You didn't know any spells.
Your spell library was empty.

Dungeon Overview and Level Annotations

Branches:
Dungeon (2/15)

Altars:
Sif Muna


Innate Abilities, Weirdness & Mutations

You are completely covered in rugged brown scales. (AC +3, +7% HP)
Armour fits poorly on your strangely shaped body.
You have a long armoured tail.
You roll when moving toward enemies. (Rampage)
Your long tongue fully drains potion bottles. (2x potion effects)
Your tongue gives you trouble enunciating. (1.5x scroll delay)


Message History

There is a stone staircase leading down here.
j - 15 stones (gained 7) Done exploring.
Done exploring.
Done exploring.
There is a stone staircase leading down here.
You climb downwards.
There is a stone staircase leading up here.
You roll towards the bat!
Found a stone staircase leading down.
You barely miss the bat. You tail-slap the bat.
The bat is moderately wounded.
The bat hits you but does no damage.
Found 12 gold pieces.
The bat hits you but does no damage. x2
You slash the bat!
You kill the bat!
No target in view!
Found a faded altar of an unknown god.
Found 14 gold pieces.
A kobold comes into view. It is wielding a +0 club.
The kobold shouts!
The kobold throws a stone.
The stone barely misses you.
Found 14 gold pieces.
You roll towards the kobold!
Found 5 gold pieces.
The kobold throws a stone.
You block the stone.
You roll towards the kobold!
Found a rapier.
You block the kobold's attack.
You completely miss the kobold. You block the kobold's attack.
You hit the kobold but do no damage.
The kobold hits you but does no damage. x2
You slash the kobold!
You kill the kobold!
No target in view!
No target in view!
j - 16 stones (gained 1)
Things that are here:
a +0 club; a kobold corpse
There is a faded altar of an unknown god here.
This altar belongs to (a) Makhleb, (b) Sif Muna or (c) the Shining One, but you can't tell which.
Press the corresponding letter to learn more about a god, or press enter to convert or escape to cancel.
Sif Muna accepts your prayer! Sif Muna welcomes you!
You can now call upon Sif Muna for magical energy.
Are you sure you want to abandon this character and quit the game? (Confirm with "yes".)

#...≈.........#...
...##...#..~~≈........#...
........#...~≈~~..~...#...
#..........$.~~~~≈≈..+...
#....##..........~≈≈#...
#.......8..............>
#....................##
#...8...8.8.#.......<#
#....).@....#.########
#.....8.8...###
#)...........#
###..#.8.....#
.............#
.........$....#
#..$.............
.......###....$..


There were no monsters in sight!

Vanquished Creatures
  4 bats
  An endoplasm (D:1)
  A giant cockroach (D:1)
  5 goblins (D:1)
  5 hobgoblins (D:1)
  4 kobolds
  A quokka (D:1)
  2 ball pythons (D:1)
  A frilled lizard (D:1)
  4 rats (D:1)
28 creatures vanquished.

Notes
Turn   | Place    | Note
-------+----------+-------------------------------------------
     0 | D:1      | libidonplus the Armataur Fighter began the quest for the
                  | Orb.
     0 | D:1      | Reached XP level 1. HP: 19/19 MP: 1/1
   133 | D:1      | Reached XP level 2. HP: 26/26 MP: 2/2
   560 | D:1      | Reached XP level 3. HP: 32/32 MP: 3/3
   728 | D:2      | Found a faded altar of an unknown god.
   742 | D:2      | Prayed at the altar of an unknown god.
   742 | D:2      | Became a worshipper of Sif Muna the Loreminder
   742 | D:2      | Reached * piety under Sif Muna
   743 | D:2      | Quit the game

Illustrated notes

Levels and vault maps discovered:
D:1:      pf_arrival_petrified_forest, layout_loops_ring
D:2:      layout_basic, serial_rivers, chequers_serial_rivers_large_a,
          chequers_serial_rivers_small_a, chequers_serial_rivers_room_a,
          chequers_serial_rivers_large_b, ebering_ecumenical_altar_ruins,
          minmay_goblin_kobold_house, uniq_jessica

Skill      XL: |  1 |
---------------+----+-----
Long Blades    | 2 |  2.9
Fighting       | |  2.6
Armour         | |  3.6
Shields        | |  3.8

Action                     || total
---------------------------++-------
  Melee: Long sword        ||    88
         Tailslap          ||     8
 Armour: Scale mail        ||    45
  Dodge: Dodged            ||    34
  Block: Buckler           ||    21
